 Dungeon Crawl Stone Soup version 0.24.0-13-gcf9b319 (webtiles) character file.

Game seed: 8933028981069784606, levelgen mode: deterministic

47 silenth the Insei (level 3, -5/29 HPs)
             Began as a Vampire Monk on Jan 29, 2020.
             Was a Believer of Dithmenos.
             Slain by Crazy Yiuf
             ... wielding a +4 quarterstaff of chaos
              (12 damage)
             ... on level 2 of the Dungeon.
             The game lasted 00:02:15 (1427 turns).

silenth the Insei (Vampire Monk)                    Turns: 1427, Time: 00:02:16

Health: -5/29      AC:  2    Str: 11    XL:     3   Next: 48%
Magic:  3/3        EV: 13    Int: 12    God:    Dithmenos [**....]
Gold:   116        SH:  0    Dex: 16    Spells: 2/2 levels left

rFire    . . .     SeeInvis +     - Unarmed
rCold    . . .     Gourm    .   (no shield)
rNeg     . . .     Faith    .   a - +0 robe
rPois    .         Spirit   .   (no helmet)
rElec    .         Reflect  .   (no cloak)
rCorr    .         Harm     .   (no gloves)
MR       .....                  (no boots)
Stlth    +++.......             (no amulet)
HPRegen  0.29/turn              (no ring)
MPRegen  0.08/turn              (no ring)

@: regenerating quickly, wreathed by umbra, lightly drained
A: no food, fangs 3, see invisible, unbreathing
a: Exsanguinate, Shadow Step, Renounce Religion


You were on level 2 of the Dungeon.
You worshipped Dithmenos.
Dithmenos was pleased with you.
You were alive.

You visited 1 branch of the dungeon, and saw 2 of its levels.

You collected 116 gold pieces.

Inventory:

Missiles
 h - 4 curare-tipped darts (quivered)
Armour
 a - a +0 robe (worn)
Scrolls
 c - a scroll of magic mapping {unknown}
 g - a scroll of blinking {unknown}
 l - a scroll of noise {unknown}
 m - a scroll of teleportation {unknown}
 r - 3 scrolls of remove curse
Potions
 f - a potion of heal wounds {unknown}
 j - a potion of brilliance {unknown}
 k - a potion of cancellation {unknown}
 n - a potion of berserk rage {unknown}
 o - a potion of lignification


   Skills:
 + Level 3.1(2.9) Fighting
 - Level 3.2(3.0) Dodging
 + Level 3.5(3.3) Stealth
 * Level 4.3(4.1) Unarmed Combat


You had 2 spell levels left.
You didn't know any spells.
Your spell library was empty.

Dungeon Overview and Level Annotations

Branches:
Dungeon (2/15)

Altars:
Dithmenos

Annotations:
D:2 Crazy Yiuf


Innate Abilities, Weirdness & Mutations

You do not eat.
Your natural rate of healing is unusually fast.
You have razor-sharp teeth.
You have supernaturally acute eyesight. (SInv)
You can survive without breathing.


Message History

Crazy Yiuf hits you with a +4 quarterstaff of chaos.
You feel drained.
You hit Crazy Yiuf but do no damage.
Crazy Yiuf yells, "Orb King tortoise!"
Crazy Yiuf misses you.
You hit Crazy Yiuf.
Crazy Yiuf is moderately wounded.
You hit Crazy Yiuf.
Crazy Yiuf is heavily wounded.
Crazy Yiuf closely misses you.
You barely miss Crazy Yiuf.
Crazy Yiuf is heavily wounded.
Crazy Yiuf hits you with a +4 quarterstaff of chaos!
Crazy Yiuf freezes you.
* * * LOW HITPOINT WARNING * * *
You hit Crazy Yiuf.
Crazy Yiuf is heavily wounded.
Crazy Yiuf says, "Goldfish foot shoe!"
Crazy Yiuf hits you with a +4 quarterstaff of chaos!
You die...

#...........# #.##..##.#
#...........########.##..##.#
#(..........'........###.##.#
#.....################ #.##.#
####..# #..#.# #..##♣♣♣♣♣
#..#.# #....P.♣.♣♣♣▒▒▒▒▒
#..#.# ####....PP.♣..♣▒...▒
##.#.# ...'......♣♣♣♣.'@g.▒
#...# ####.....♣♣ ♣♣▒..)▒
#...# #####♣♣ ▒▒▒▒▒ #...#
#...# #.### #.# #.# #.# #.#


You could see Crazy Yiuf.

Vanquished Creatures
  An adder (D:2)
  A worm (D:2)
  A dart slug (D:2)
  A ball python (D:2)
  A giant cockroach (D:1)
  3 goblins
  2 hobgoblins
  2 jackals (D:1)
  A quokka (D:2)
  8 bats
  3 frilled lizards
  3 kobolds (D:2)
  5 rats
32 creatures vanquished.

Notes
Turn   | Place    | Note
-------+----------+-------------------------------------------
     0 | D:1      | silenth the Vampire Monk began the quest for the Orb.
     0 | D:1      | Reached XP level 1. HP: 17/17 MP: 1/1
   177 | D:1      | Reached XP level 2. HP: 21/23 MP: 2/2
   576 | D:2      | Reached skill level 3 in Fighting
   584 | D:2      | Reached skill level 4 in Unarmed Combat
   829 | D:2      | Reached XP level 3. HP: 29/29 MP: 3/3
  1003 | D:2      | Found a faded altar of an unknown god.
  1196 | D:2      | Became a worshipper of Dithmenos the Shadowed
  1196 | D:2      | Reached * piety under Dithmenos
  1196 | D:2      | Reached ** piety under Dithmenos
  1238 | D:2      | Found a runed translucent door.
  1239 | D:2      | Noticed Crazy Yiuf
  1427 | D:2      | Slain by Crazy Yiuf

Levels and vault maps discovered:
D:1:      dpeg_arrival_long_road, layout_basic, grunt_decor_one_mirror
D:2:      layout_basic, chequers_ecumenical_altar_twisty, st_stairs_14,
          uniq_crazy_yiuf_cottage

Skill      XL: |  1  2 |
---------------+-------+-----
Fighting       | 3 |  3.1
Unarmed Combat | 4 |  4.3
Dodging        | |  3.2
Stealth        | |  3.5

Action                   || total
-------------------------++-------
Melee: Unarmed           ||    88
       Bite              ||     8
  Use: Scroll            ||     6
 Stab: Sleeping          ||     4
Armor: Robe              ||    18
Dodge: Dodged            ||    56
